 Dungeon Crawl Stone Soup version 0.28.0-47-ge53b351184 (webtiles) character file.

Game seed: 16549636539748614880

296 issech the Skirmisher (level 6, -3/61 HPs)
             Began as a Troll Fighter on May 3, 2022.
             Slain by Sigmund
             ... wielding a +4 scythe of venom
              (8 damage)
             ... on level 4 of the Dungeon.
             The game lasted 00:06:39 (3369 turns).

issech the Skirmisher (Troll Fighter)               Turns: 3369, Time: 00:06:39

Health: -3/61      AC:  5    Str: 25    XL:     6   Next: 12%
Magic:  5/5        EV:  9    Int: 10    God:
Gold:   192        SH:  0    Dex: 11    Spells: 5/5 levels left

rFire   . . .      SeeInvis .   x - +0 morningstar
rCold   . . .      Faith    +   c - +0 kite shield
rNeg    . . .      Spirit   .   b - +0 robe
rPois   .          Reflect  .   (helmet restricted)
rElec   .          Harm     .   f - +0 cloak
rCorr   .          Rampage  .   (gloves unavailable)
Will    .....                   (boots unavailable)
Stlth   +.........              t - amulet of faith
HPRegen 1.00/turn               s - +6 ring of intelligence
MPRegen 0.09/turn               (no ring)

@: confused, lethally poisoned (-3 -> -4)
A: large, unfitting armour, claws 3, regeneration 1, shaggy fur 1, tough skin 1
a: no special abilities


You were on level 4 of the Dungeon.
You visited 1 branch of the dungeon, and saw 4 of its levels.

You collected 192 gold pieces.

Inventory:

Hand Weapons
 a - a +0 flail
 g - a +1 vorpal hand axe
 x - a +0 morningstar (weapon)
Missiles
 e - 87 stones
 j - 12 poisoned darts
 n - 23 sling bullets
 v - 2 boomerangs (quivered)
 w - 41 arrows
Armour
 b - a +0 robe (worn)
 c - a +0 kite shield (worn)
 f - a +0 cloak (worn)
 i - a scarf of repulsion
Magical Staves
 r - a staff of fire
Jewellery
 s - a +6 ring of intelligence (left claw)
 t - an amulet of faith (around neck)
Scrolls
 h - a scroll of fear {unknown}
 l - 7 scrolls of teleportation {unknown}
 o - a scroll of noise {unknown}
 q - 3 scrolls of identify {unknown}
 y - a scroll of fog {unknown}
 z - 2 scrolls of amnesia {unknown}
 A - a scroll of silence {unknown}
Potions
 d - a potion of might
 k - 2 potions of lignification {unknown}
 m - a potion of attraction {unknown}
 p - a potion of haste {unknown}
 u - a potion of mutation {unknown}
 B - 2 potions of curing {unknown}


   Skills:
 + Level 3.6 Fighting
 + Level 1.8(2.3) Axes
 + Level 2.4(2.8) Maces & Flails
 + Level 0.7 Throwing
 + Level 3.4 Dodging
 + Level 0.4 Stealth
 + Level 3.0 Shields


You had 5 spell levels left.
You didn't know any spells.
Your spell library contained the following spells:

 Spells                   Type           Power      Damage    Failure   Level
 Apportation              Tloc           0%         N/A       65%         1
 Alistair's Intoxication  Tmut/Pois      0%         N/A       100%        5


Dungeon Overview and Level Annotations

Branches:
Dungeon (4/15)
 Temple: D:4-7

Altars:
Nemelex Xobeh

Annotations:
D:4 Sigmund


Innate Abilities, Weirdness & Mutations

You are too large for most types of armour.
You have claws for hands.
Your natural rate of healing is unusually fast.
You are covered in fur. (AC +1)
You have tough skin. (AC +1)


Message History

You see here a scroll labelled WEINAUPN PAAL.
q - 3 scrolls labelled WEINAUPN PAAL (gained 1)
Something hits you!
You are poisoned.
You feel very sick.
You feel sick. Something hits you!
You feel sick.
You hear some strange, mumbled words.
You are confused.
You're too confused to move!
You feel sick.
You hear some strange, mumbled words.
You are more confused.
You feel sick.
A puff of flame appears from out of thin air!
The puff of flame hits you.
You feel sick. The goblin misses you.
You are more confused.
You closely miss the goblin.
You feel sick. The goblin hits you but does no damage.
The goblin hits you with a +0 club.
You feel sick.
You are no longer poisoned.
You puncture the plant!
The plant begins to die.
The plant is lightly damaged.
The goblin hits you with a +0 club. Something hits you!
* * * LOW HITPOINT WARNING * * *
You are poisoned.
You puncture the plant!
The plant is lightly damaged.
You feel very sick.
A nearby plant withers and dies.
The goblin hits you with a +0 club.
* * * LOW HITPOINT WARNING * * *
Something hits you!
* * * LOW HITPOINT WARNING * * *
The goblin hits you but does no damage.
You hit the bush but do no damage.
You feel sick. The goblin closely misses you.
You hear some strange, mumbled words.
You are more confused.
You feel sick. Something hits you!
You die...

#...............#......#..
#....##.........#......#..
#.........#......#..
#.........#......#..
##..♣P.....#......#..
#..♣♣♣.....#......#..
#PPP♣PP....########..
####...♣P.......## #...
#....g@P.........# #...
#....{...........# #...
#................# #...
#................# #...
###................# #...
....................# #...
#..####.............# #...
#.# ##.[..♣.♣.....# ####
#.. #..###.###...#


You could see a goblin.

Vanquished Creatures
  An ogre (D:4)
  A hound (D:4)
  A jelly (D:3)
  An orc priest (D:4)
  An orc wizard (D:4)
  4 adders
  4 worms
  A dart slug (D:4)
  5 orcs
  5 ball pythons
  4 bats
  2 endoplasms (D:1)
  2 giant cockroaches
  2 goblins (D:2)
  4 hobgoblins
  2 jackals (D:3)
  5 kobolds
  2 quokkas
  3 rats
50 creatures vanquished.

Vanquished Creatures (others)
  A plant (D:4)
1 creature vanquished.

Grand Total: 51 creatures vanquished

Notes
Turn   | Place    | Note
-------+----------+-------------------------------------------
     0 | D:1      | issech the Troll Fighter began the quest for the Orb.
     0 | D:1      | Reached XP level 1. HP: 22/22 MP: 0/0
   295 | D:1      | Found a faded altar of an unknown god.
   619 | D:1      | Reached XP level 2. HP: 29/29 MP: 1/1
  1309 | D:2      | Reached XP level 3. HP: 21/37 MP: 2/2
  2126 | D:3      | Reached XP level 4. HP: 45/45 MP: 3/3
  2440 | D:3      | Reached skill level 1 in Axes
  2844 | D:4      | Reached XP level 5. HP: 18/53 MP: 4/4
  2935 | D:4      | Found a sparkling altar of Nemelex Xobeh.
  3214 | D:4      | Noticed an ogre
  3219 | D:4      | Killed an ogre
  3220 | D:4      | Reached XP level 6. HP: 61/61 MP: 5/5
  3351 | D:4      | Noticed Sigmund
  3369 | D:4      | Slain by Sigmund

Illustrated notes

Levels and vault maps discovered:
D:1:      dpeg_arrival_arbitrary_a, layout_loops_corners,
          hellmonk_ecumenical_altar_arch_garden, minmay_misc_feat_hallway
D:2:      layout_loops_cross, minmay_misc_feat_cross
D:3:      layout_loops_corners
D:4:      layout_basic, nemelex_xobeh_ov_fountains_minmay, serial_forest,
          infiniplex_forest_clump_small, infiniplex_forest_lined_4_way,
          infiniplex_forest_end_1, infiniplex_forest_straight_1,
          infiniplex_forest_clump_tiny, infiniplex_forest_lined_3,
          minmay_close_crescents, uniq_sigmund

Skill      XL: |  1  2  3  4  5 |
---------------+----------------+-----
Maces & Flails | 2 |  2.4
Fighting       | 3 |  3.6
Axes           | 1 |  1.8
Dodging        | 3 |  3.4
Shields        | 3 |  3.0
Throwing       | |  0.7
Stealth        | |  0.4

Action                   |  1- 3 |  4- 6 || total
-------------------------+-------+-------++-------
Melee: Hand axe          |    86 |    49 ||   135
       Flail             |     4 |       ||     4
       Morningstar       |       |    32 ||    32
Throw: Stone             |     5 |       ||     5
       Boomerang         |       |    12 ||    12
Armor: Robe              |    37 |    24 ||    61
Dodge: Dodged            |    38 |    34 ||    72
Block: Kite shield       |    24 |    30 ||    54
